 Dungeon Crawl Stone Soup version 0.31-a0-1352-gc98d92de7d (webtiles) character file.

Game seed: 14065424885638343393

5754 Gantz the Severer (level 10, -3/89 (93) HPs)
             Began as a Hill Orc Fighter on Dec 23, 2023.
             Was a Believer of Beogh.
             Slain by a wight
             ... wielding a +2 halberd of freezing
              (5 damage)
             ... on level 8 of the Dungeon.
             The game lasted 00:30:43 (7938 turns).

Gantz the Severer (Hill Orc Fighter)                Turns: 7938, Time: 00:30:43

HP:   -3/89 (93)    AC: 14    Str: 24    XL:     10   Next: 78%
MP:   8/10          EV:  8    Int:  8    God:    Beogh [**....]
Gold: 409           SH:  4    Dex: 10    Spells: 9/9 levels left

rFire   . . .        a - +1 war axe
rCold   . . .        c - +0 buckler
rNeg    . . .        q - +3 chain mail
rPois   .            h - +0 helmet
rElec   .            (no cloak)
rCorr   .            (no gloves)
SInv    .            (no boots)
Will    .....        (no amulet) Stlth
                     (no ring)
HPRegen 0.34/turn    (no ring)
MPRegen 0.12/turn

%: no passive effects
@: lightly drained
A: no striking features
a: Renounce Religion, Smiting


You were on level 8 of the Dungeon.
You worshipped Beogh.
Beogh was pleased with you.
You visited 1 branch of the dungeon, and saw 8 of its levels.

You collected 409 gold pieces.

Inventory:

Hand Weapons
 a - a +1 war axe (weapon)
 f - a +4 halberd
Missiles
 d - 30 stones
 e - 2 throwing nets
Armour
 c - a +0 buckler (worn)
 g - the +1 ring mail of the Goldsmith {Harm rCorr}
   (You found it on level 6 of the Dungeon)

   rCorr:     It protects you from acid and corrosion.
   Harm:      It increases damage dealt and taken.
 h - a +0 helmet (worn)
 q - a +3 chain mail (worn)
Talismans
 r - a granite talisman
 u - a maw talisman
Wands
 l - a wand of charming (5)
 v - a wand of roots (25)
Scrolls
 b - 3 scrolls of teleportation
 i - a scroll of identify
 k - a scroll of noise
 m - a scroll of fog
 o - 2 scrolls of immolation
 s - 4 scrolls of fear
Potions
 t - a potion of resistance
 w - a potion of enlightenment


   Skills:
 + Level 9.8 Fighting
 + Level 17.0 Axes
 + Level 4.9 Armour
 - Level 0.9 Stealth
 - Level 3.3 Shields
 - Level 1.2 Invocations


You had 9 spell levels left.
You didn't know any spells.
Your spell library contained the following spells:

 Spells                   Type           Power      Damage    Failure   Level
 Freeze                   Ice            0%         1d3       95%         1
 Magic Dart               Conj           0%         1d3       95%         1
 Blink                    Tloc           0%         N/A       99%         2
 Call Imp                 Summ           0%         N/A       99%         2
 Lesser Beckoning         Tloc           0%         N/A       99%         2
 Dazzling Flash           Conj/Hex       0%         N/A       100%        3
 Frozen Ramparts          Ice            0%         1d1       100%        3
 Gell's Gravitas          Tloc           0%         N/A       100%        3
 Hailstorm                Conj/Ice       0%         3d5       100%        3
 Teleport Other           Tloc           0%         N/A       100%        3
 Volatile Blastmotes      Fire/Tloc      0%         2d10      100%        3
 Fulminant Prism          Conj/Alch      0%         3d5       100%        4
 Iskenderun's Mystic Bla  Conj/Tloc      0%         2d3       100%        4
 Passage of Golubria      Tloc           0%         N/A       100%        4
 Silence                  Hex/Air        0%         N/A       100%        5
 Starburst                Conj/Fire      0%         6d3       100%        6
 Lehudib's Crystal Spear  Conj/Erth      0%         10d2      100%        8
 Maxwell's Capacitive Co  Air            0%         ∞         100%        8


Dungeon Overview and Level Annotations

Branches:
Dungeon (8/15)             Temple (0/1) D:5            Lair (0/5) D:8

Altars:
Kikubaaqudgha
Makhleb
Yredelemnul
The Shining One

Shops:
D:3 [

Annotations:
D:6 2 runed translucent doors


Message History

You barely miss something. Something hits you but does no damage.
You slice something!! Beogh accepts your kill.
Reactivating autopickup.
You feel a bit more experienced.
You slice the orc!!
You kill the orc!
Beogh accepts your kill.
The wight hits you with a +2 halberd of freezing!
* * * LOW HITPOINT WARNING * * *
You feel drained.
* * * LOW HITPOINT WARNING * * *
The wight freezes you.
* * * LOW HITPOINT WARNING * * *
Items here: $ )))) / [[[.
You feel better.
The wight hits you with a +2 halberd of freezing.
* * * LOW HITPOINT WARNING * * *
The wight freezes you.
* * * LOW HITPOINT WARNING * * *
You closely miss the wight. The wight closely misses you.
You slash the wight!
The wight is heavily damaged.
The wight hits you with a +2 halberd of freezing.
* * * LOW HITPOINT WARNING * * *
You feel drained. The wight freezes you.
* * * LOW HITPOINT WARNING * * *
You feel better.
The wight hits you with a +2 halberd of freezing.
* * * LOW HITPOINT WARNING * * *
The wight freezes you.
* * * LOW HITPOINT WARNING * * *
You hit the wight.
The wight is severely damaged.
You barely miss the wight.
The wight is severely damaged.
The wight hits you with a +2 halberd of freezing!
* * * LOW HITPOINT WARNING * * *
The wight freezes you.
You die...

##.....# #.....# #.....#
###)....# # ..#.....# .##
#.#.....# ########## ...
#.#.#.### #........#
#######.#.#.######........#
................@zo.......+
#######.....######........#
.......##.#...##.'.....$..#
######.##.#.#.##.#........#
...#......#.#.##.##....######
...#.#.####.#.##.##.........#
.#...#.# #.#.##.##.P....♣P.#$
.#.###.. ..#....#..†..P..♣...
##.. ...#
#######.....♣...P..P


You could see a wight and an orc.

Vanquished Creatures
  A two-headed ogre (D:7)
  Pikel (D:7)
  Maurice (D:7)
  3 wyverns (D:8)
  A redback (D:6)
  4 yaks (D:8)
  4 water moccasins
  Duvessa (D:5)
  2 orc warriors
  A black bear (D:3)
  2 ice beasts
  A centaur (D:8)
  2 lemures (D:7)
  A kobold brigand (D:7)
  9 scorpions
  2 bullfrogs
  Dowan (D:5)
  5 wights (D:7)
  2 vampire bats (D:6)
  2 howler monkeys
  4 hounds
  2 orc priests
  2 gnoll boudas
  2 jellies
  4 sleepcaps
  Terence (D:3)
  4 iguanas
  9 orc wizards
  8 adders
  9 gnolls
  A bombardier beetle (D:6)
  A shadow imp (D:6)
  25 orcs
  3 bat skeletons (D:6)
  3 bat zombies (D:6)
  7 endoplasms
  2 giant cockroaches (D:3)
  6 goblins
  10 hobgoblins
  2 jackals (D:1)
  2 quokkas
  5 ball pythons
  6 bats
  5 frilled lizards
  13 kobolds
  7 rats
189 creatures vanquished.

Vanquished Creatures (others)
  An orc (D:3)
1 creature vanquished.

Grand Total: 190 creatures vanquished

Notes
Turn   | Place    | Note
-------+----------+-------------------------------------------
     0 | D:1      | Gantz the Hill Orc Fighter began the quest for the Orb.
     0 | D:1      | Reached XP level 1. HP: 19/19 MP: 1/1
    85 | D:1      | Reached skill level 3 in Axes
   102 | D:1      | Reached XP level 2. HP: 25/27 MP: 2/2
   350 | D:1      | Found a faded altar of an unknown god.
   518 | D:1      | Reached XP level 3. HP: 29/33 MP: 3/3
   849 | D:1      | Reached skill level 4 in Axes
  1387 | D:3      | Noticed Terence
  1534 | D:3      | Noticed a black bear
  1545 | D:3      | Killed a black bear
  1546 | D:3      | Reached skill level 6 in Axes
  1546 | D:3      | Reached XP level 4. HP: 34/41 MP: 4/4
  1546 | D:3      | Reached XP level 5. HP: 40/47 MP: 5/5
  1787 | D:3      | Killed Terence
  1788 | D:3      | Reached skill level 7 in Axes
  1970 | D:3      | Found Pasmaush's Antique Armour Boutique.
  1993 | D:3      | Became a worshipper of Beogh the Brigand
  2467 | D:4      | Reached XP level 6. HP: 53/53 MP: 6/6
  2476 | D:4      | Noticed an ice beast
  2504 | D:3      | Killed an ice beast
  2505 | D:3      | Reached skill level 8 in Axes
  3075 | D:5      | Entered Level 5 of the Dungeon
  3253 | D:5      | Reached XP level 7. HP: 58/60 MP: 7/7
  3307 | D:5      | Reached skill level 5 in Fighting
  3413 | D:5      | Reached skill level 9 in Axes
  3793 | D:5      | Noticed Duvessa
  3794 | D:5      | Noticed Dowan
  3885 | D:6      | Reached * piety under Beogh
  3967 | D:6      | Identified the +1 ring mail of the Goldsmith {Harm rCorr}
  3973 | D:6      | Reached skill level 10 in Axes
  4231 | D:6      | Reached XP level 8. HP: 37/70 MP: 8/8
  4478 | D:6      | Found a basalt altar of Yredelemnul.
  4480 | D:6      | Noticed a profane servitor
  4485 | D:6      | Found a glowing golden altar of the Shining One.
  4487 | D:6      | Noticed an angel
  4538 | D:6      | Found an ancient bone altar of Kikubaaqudgha.
  4583 | D:6      | Reached skill level 11 in Axes
  4678 | D:6      | Found the +9 staff of Olgreb {rPois∞}
  4707 | D:6      | Found a runed translucent gate.
  4708 | D:6      | Found a runed translucent gate.
  4709 | D:6      | Found a runed translucent door.
  4721 | D:6      | Found a runed translucent gate.
  4738 | D:6      | Found a runed translucent door.
  4792 | D:6      | Reached skill level 12 in Axes
  4801 | D:6      | Reached skill level 13 in Axes
  4801 | D:6      | Reached XP level 9. HP: 30/79 MP: 9/9
  5020 | D:6      | Found a burning altar of Makhleb.
  5325 | D:5      | Killed Duvessa
  5331 | D:5      | Killed Dowan
  5583 | D:5      | Reached ** piety under Beogh
  5675 | D:5      | Reached skill level 14 in Axes
  5714 | D:5      | Found a staircase to the Ecumenical Temple.
  6363 | D:7      | Noticed Pikel
  6517 | D:7      | Noticed Maurice
  6531 | D:7      | Maurice stole a +4 halberd
  6536 | D:7      | Maurice stole a granite talisman
  6547 | D:7      | Killed Maurice
  6548 | D:7      | Reached skill level 15 in Axes
  6552 | D:7      | Noticed a two-headed ogre
  6803 | D:7      | Killed Pikel
  6804 | D:7      | Reached skill level 16 in Axes
  6804 | D:7      | Reached XP level 10. HP: 72/90 MP: 1/10
  7265 | D:7      | Killed a two-headed ogre
  7266 | D:7      | Reached skill level 1 in Invocations
  7865 | D:8      | Found a staircase to the Lair.
  7924 | D:8      | Reached skill level 17 in Axes
  7938 | D:8      | HP: 2/89 [wight/+2 halberd of freezing (10)]
  7938 | D:8      | Slain by a wight

Illustrated notes

Levels and vault maps discovered:
D:1:      wander_arrival_chamber, layout_loops_ring,
          dreamdust_ecumenical_altar_hidden_monk_grotto, minmay_misc_feat_tower,
          minmay_pentomino_w2
D:2:      layout_rooms
D:3:      layout_basic, serial_shops, shop, uniq_terence
D:4:      layout_cave_pools, minmay_fractal_squares_gapless_5
D:5:      layout_layer_cave, minmay_temple_entry_statues_pillars, serial_rivers,
          chequers_serial_rivers_room_a, chequers_serial_rivers_small_3,
          chequers_serial_rivers_micro_c, chequers_serial_rivers_small_b,
          uniq_duvessa
D:6:      layout_rooms, grunt_temple_overflow_holy_war,
          kennysheep_vampire_church, mainiacjoe_overflow_six_doors_small,
          dreamdust_princess_corridor, minivault_5,
          minmay_guarded_unrand_staff_of_olgreb
D:7:      layout_basic, uniq_maurice, uniq_pikel
D:8:      layout_basic, minmay_lair_entry_grove,
          hellmonk_guarded_unrand_frostbite

Skill      XL: |  1  2  3  4  5  6  7  8  9 10 |
---------------+-------------------------------+-----
Axes           | 3 6 7 8 10 13 16 17 | 17.0
Fighting       | 4 6 7 8 9 |  9.8
Invocations    | 1 |  1.2
Armour         | 4 |  4.9
Stealth        | |  0.9
Shields        | |  3.3

Action                     |  1- 3 |  4- 6 |  7- 9 | 10-12 || total
---------------------------+-------+-------+-------+-------++-------
  Melee: War axe           |   147 |    93 |   296 |   107 ||   643
 Invoke: Convert to Beogh  |       |     1 |       |       ||     1
         Smiting           |       |       |     3 |     4 ||     7
    Use: Potion            |     1 |     6 |     4 |     5 ||    16
         Scroll            |       |     6 |     4 |       ||    10
 Armour: Scale mail        |    98 |    18 |       |       ||   116
         Chain mail        |       |    44 |   250 |    83 ||   377
  Dodge: Dodged            |    73 |    19 |   104 |    27 ||   223
  Block: Buckler           |    31 |    16 |    48 |    13 ||   108

Table legend: (Time is in decaauts)
 A = Elapsed time spent in this place.
 B = Non-inter-level travel time spent in this place.
 C = Inter-level travel time spent in this place.
 D = Time resting spent in this place.
 E = Time spent auto-exploring this place.
 F = Levels seen in this place.
 G = Mean time per level.
                   A        B        C        D        E       F      G
               +--------+--------+--------+--------+--------+-----+--------+
         Total |   7983 |   7656 |    327 |    650 |   5004 |   8 |  997.9 |
       Dungeon |   7983 |   7656 |    327 |    650 |   5004 |   8 |  997.9 |
               +--------+--------+--------+--------+--------+-----+--------+

Top non-repeatable levels by time:
     D:5: 1564 daAuts
     D:6: 1536 daAuts
     D:7: 1290 daAuts
     D:3: 1041 daAuts
     D:1: 916 daAuts
     D:4: 683 daAuts
     D:2: 578 daAuts
     D:8: 371 daAuts
